 Dungeon Crawl Stone Soup version 0.26.0-41-g79a4fc7684 (webtiles) character file.

Game seed: 9714949781401274240

640 DasRunzen the Distorting Demonspawn (level 7, 0/55 HPs)
             Began as a Demonspawn Abyssal Knight on Jan 26, 2021.
             Was a Believer of Lugonu.
             Killed from afar by an electric eel (17 damage)
             ... with a bolt of electricity
             ... on level 6 of the Dungeon.
             The game lasted 00:13:24 (6247 turns).

DasRunzen the Distorting Demonspawn (DsAK)          Turns: 6247, Time: 00:13:25

Health: 0/55       AC: 10    Str: 17    XL:     7   Next: 26%
Magic:  10/10      EV: 13    Int: 13    God:    Lugonu [**....]
Gold:   332        SH:  0    Dex: 13    Spells: 6/6 levels left

rFire    . . .     SeeInvis .   u - +8 trident of Iseuv {pain, Str+3}
rCold    + + .     Faith    .   (no shield)
rNeg     . . .     Spirit   .   b - +0 leather armour
rPois    .         Reflect  .   (helmet restricted)
rElec    .         Harm     .   d - +0 cloak
rCorr    .         Rampage  .   j - +2 pair of gloves
Will     .....                  k - +0 pair of boots
Stlth    +.........             (no amulet)
HPRegen  0.18/turn              i - ring of flight
MPRegen  0.12/turn              m - ring of protection from cold

@: no status effects
A: horns 1, slimy green scales 1, cold resistance 1, demonic guardian 1
a: Renounce Religion, Evoke Flight, Depart the Abyss, Bend Space


You were on level 6 of the Dungeon.
You worshipped Lugonu.
Lugonu was pleased with you.
You visited 1 branch of the dungeon, and saw 6 of its levels.
You visited the Abyss 1 time.
You also visited: Sewer.

You collected 332 gold pieces.

Inventory:

Hand Weapons
 u - the +8 trident of Iseuv (weapon) {pain, Str+3}
   (You found it on level 5 of the Dungeon)

   In the hands of one skilled in necromantic magic, it inflicts extra damage on
   living creatures.
   It affects your strength (+3).
Armour
 b - a +0 leather armour (worn)
 d - a +0 cloak (worn)
 j - a +2 pair of gloves (worn)
 k - a +0 pair of boots (worn)
Jewellery
 i - a ring of flight (left hand)
 l - an uncursed ring of stealth {unknown}
 m - a ring of protection from cold (right hand)
Scrolls
 g - 5 scrolls of teleportation
 h - 3 scrolls of remove curse
 s - a scroll of magic mapping
Potions
 c - 3 potions of curing
 e - 5 potions of haste
 f - a potion of invisibility
 n - 2 potions of might {unknown}
 o - 2 potions of heal wounds {unknown}
 p - 3 potions of magic {unknown}
 q - 2 potions of cancellation {unknown}
 r - a potion of brilliance {unknown}


   Skills:
 + Level 4.6 Fighting
 + Level 3.5 Polearms
 + Level 3.4 Armour
 + Level 3.1 Dodging
 + Level 4.8 Invocations
 + Level 1.6 Evocations


You had 6 spell levels left.
You didn't know any spells.
Your spell library was empty.

Dungeon Overview and Level Annotations

Branches:
Dungeon (6/15)              Sewer (visited)
 Temple: D:4-7

Altars:
Ashenzari


Innate Abilities, Weirdness & Mutations

You have a pair of small horns on your head.
You are partially covered in slimy green scales. (AC +2)
Your flesh is cold resistant. (rC+)
A weak demonic guardian rushes to your aid.


Message History

Unknown command.
You puncture the adder zombie!
You destroy the adder zombie!
Lugonu accepts your kill.
The electric eel shoots out a bolt of lightning at you!
The bolt of electricity hits your quasit!
Your quasit dies!
The bolt of electricity hits you.
The electric eel shoots out a bolt of lightning at you!
The bolt of electricity misses you.
The electric eel shoots out a bolt of lightning at you!
The bolt of electricity hits you.
You are too injured to fight recklessly!
Reach: u) +8 trident of Iseuv {pain, Str+3}
Press: ? - help, Dir - move target, f - electric eel
Aim: an electric eel (water)
You reach to attack!
You miss the electric eel.
The electric eel shoots out a bolt of lightning at you!
The bolt of electricity hits you! x2
You die...

##.≈≈≈≈≈≈≈.
##≈≈≈≈#≈≈≈≈≈
.#≈≈≈≈w≈≈≈≈≈ .
>.≈#≈≈#≈≈≈≈ #≈.
)≈≈≈≈≈≈≈≈;# ≈≈≈≈
≈≈≈≈.≈≈≈≈≈#≈≈≈≈≈
≈≈≈$≈≈≈...≈?..#≈
.≈≈.....@.!<..≈#
≈#⌠w≈≈.$.≈≈.≈≈≈
≈≈≈≈≈≈;≈≈≈≈≈≈≈≈≈
#≈#≈≈≈≈≈≈≈≈≈≈≈≈≈
#.≈≈#≈≈≈#≈#≈≈≈w.
.#≈ #≈≈≈≈≈≈≈≈#≈#
# ≈≈≈≈≈≈≈≈≈≈##
..≈≈≈≈≈≈≈.##
..##≈≈.≈≈...


You could see 2 electric eels and 3 dart slugs.

Vanquished Creatures
  Eustachio (D:5)
  A hound (D:5)
  2 jellies (D:5)
  2 worker ants
  A hound zombie (D:5)
  11 adders
  2 river rats (D:3)
  A white imp (D:5)
  An adder zombie (D:6)
  2 worms (D:2)
  2 leopard geckos
  An orc (D:4)
  13 bats
  5 giant cockroaches
  9 goblins
  15 hobgoblins
  A quokka (D:4)
  8 ball pythons
  10 frilled lizards
  8 kobolds
  8 rats
104 creatures vanquished.

Vanquished Creatures (collateral kills)
  An ogre (D:4)
  A centaur (D:5)
2 creatures vanquished.

Vanquished Creatures (others)
  4 toadstools (D:1)
4 creatures vanquished.

Grand Total: 110 creatures vanquished

Notes
Turn   | Place    | Note
-------+----------+-------------------------------------------
     0 | Abyss:1  | DasRunzen the Demonspawn Abyssal Knight began the quest for
                  | the Orb.
     0 | Abyss:1  | Reached XP level 1. HP: 18/18 MP: 2/2
    44 | Abyss:1  | Found a stormy altar of Qazlal.
    50 | Abyss:1  | Noticed a worldbinder
    53 | Abyss:1  | Noticed a naga
    53 | Abyss:1  | Noticed a black mamba
    57 | Abyss:1  | Noticed a naga
    57 | Abyss:1  | Noticed a naga
    57 | D:1      | Escaped the Abyss
    84 | D:1      | Reached skill level 1 in Dodging
    85 | D:1      | Reached * piety under Lugonu
   214 | D:1      | Gained mutation: A weak demonic guardian rushes to your
                  | aid. [demonic ancestry]
   214 | D:1      | Reached XP level 2. HP: 14/24 MP: 4/4
   777 | D:1      | Reached XP level 3. HP: 29/29 MP: 5/5
  1587 | D:2      | Found a broken altar of Ashenzari.
  1629 | D:2      | Reached ** piety under Lugonu
  1637 | D:2      | Gained mutation: Your flesh is cold resistant. (rC+)
                  | [demonic ancestry]
  1637 | D:2      | Reached XP level 4. HP: 16/35 MP: 6/6
  2991 | D:3      | Reached XP level 5. HP: 31/42 MP: 7/7
  2998 | D:3      | Found a glowing drain.
  3011 | Sewer    | Entered a sewer
  4440 | D:4      | Noticed an ogre
  4446 | D:4      | Killed an ogre
  4495 | D:4      | Gained mutation: You have a pair of small horns on your
                  | head. [demonic ancestry]
  4495 | D:4      | Reached XP level 6. HP: 36/48 MP: 9/9
  5103 | D:5      | Entered Level 5 of the Dungeon
  5438 | D:5      | Noticed Eustachio
  5491 | D:5      | Killed Eustachio
  5492 | D:5      | Reached skill level 1 in Evocations
  5754 | D:5      | Gained mutation: You are partially covered in slimy green
                  | scales. (AC +2) [demonic ancestry]
  5754 | D:5      | Reached XP level 7. HP: 27/55 MP: 10/10
  5761 | D:5      | Got an ancient trident
  5762 | D:5      | Identified the +8 trident of Iseuv {pain, Str+3} (You found
                  | it on level 5 of the Dungeon)
  6247 | D:6      | Killed from afar by an electric eel

Illustrated notes

Levels and vault maps discovered:
D:1:      ldierk_walled_garden_2, layout_rooms, fountainhead, fountainhead
D:2:      layout_rooms, lemuel_doored_altar, minmay_pentomino_x2
D:3:      layout_loops_ring, gup_sewer_entry_bubbles, minmay_misc_feat_enclosed
D:4:      layout_loops_corners
D:5:      layout_loops_corners, sigmund_army, uniq_eustachio
D:6:      kennysheep_slugbush, layout_loops_ring, uniq_crazy_yiuf_cottage,
          uniq_edmund

Skill      XL: |  1  2  3  4  5  6  7 |
---------------+----------------------+-----
Dodging        | 1 2 3 |  3.1
Polearms       | 2 3 |  3.5
Armour         | 2 3 |  3.4
Invocations    | 3 4 |  4.8
Fighting       | 4 |  4.6
Evocations     | 1 |  1.6

Action                   |  1- 3 |  4- 6 |  7- 9 || total
-------------------------+-------+-------+-------++-------
Melee: Spear             |   148 |   268 |       ||   416
       Headbutt          |       |    10 |       ||    10
       Trident           |       |       |    26 ||    26
Invok: Depart the Abyss  |     1 |       |       ||     1
  Use: Scroll            |     4 |     8 |     1 ||    13
 Stab: Sleeping          |       |     2 |       ||     2
Armor: Leather armour    |    51 |    66 |    11 ||   128
Dodge: Dodged            |   101 |   126 |    16 ||   243
